 Dungeon Crawl Stone Soup version 0.31.0-1-g2c135a0 (webtiles) character file.

Game seed: 14873673594052833437

527 dmnsn the Poker (level 7, 0/56 HPs)
             Began as a Merfolk Gladiator on Jan 20, 2024.
             Succumbed to a water moccasin's poison
             ... on level 7 of the Dungeon.
             The game lasted 00:08:39 (3418 turns).

dmnsn the Poker (Merfolk Gladiator)                 Turns: 3418, Time: 00:08:40

Health: 0/56       AC:  7    Str: 14    XL:     7   Next: 23%
Magic:  7/7        EV: 12    Int:  9    God:
Gold:   113        SH:  0    Dex: 16    Spells: 6/6 levels left

rFire   . . .        a - +0 trident
rCold   . . .        (no shield)
rNeg    . . .        p - +0 scale mail
rPois   +            c - +0 helmet
rElec   .            (no cloak)
rCorr   .            (no gloves)
SInv    .            (no boots)
Will    .....        (no amulet) Stlth
                     l - ring of poison resistance
HPRegen 0.29/turn    (no ring)
MPRegen 0.10/turn

%: no passive effects
@: brilliant, lethally poisoned (0 -> -6)
A: (nimble swimmer 2), mertail
a: no special abilities


You were on level 7 of the Dungeon.
You visited 1 branch of the dungeon, and saw 5 of its levels.

You collected 113 gold pieces.

Inventory:

Hand Weapons
 a - a +0 trident (weapon)
Missiles
 d - a throwing net (quivered)
 e - a javelin
 n - 5 poisoned darts
Armour
 b - a +0 leather armour
 c - a +0 helmet (worn)
 p - a +0 scale mail (worn)
Jewellery
 l - a ring of poison resistance (left hand)
Wands
 o - a wand of flame (18)
Scrolls
 g - a scroll of fog {unknown}
 h - 2 scrolls of identify {unknown}
 i - a scroll of revelation {unknown}
 k - a scroll of immolation {unknown}
 m - a scroll of teleportation {unknown}


   Skills:
 + Level 5.2 Fighting
 + Level 6.8 Polearms
 - Level 2.0 Throwing
 + Level 6.8 Dodging


You had 6 spell levels left.
You didn't know any spells.
Your spell library contained the following spells:

 Spells                   Type           Power      Damage    Failure   Level
 Shock                    Conj/Air       0%         1d3       88%         1
 Call Imp                 Summ           0%         N/A       95%         2
 Sublimation of Blood     Necr           0%         N/A       95%         2
 Swiftness                Air            0%         N/A       99%         3
 Airstrike                Air            0%         2d(0-16)  100%        4
 Summon Hydra             Summ           0%         N/A       100%        7


Dungeon Overview and Level Annotations

Branches:
Dungeon (4/15)
 Temple: D:4-7

Altars:

Annotations:
D:3 1 runed translucent door, Crazy Yiuf


Innate Abilities, Weirdness & Mutations

((You are very nimble when in or above water. (Stealth+, EV+, Speed+++)))
Your lower body shifts to a powerful aquatic tail in water.


Message History

You hit the water moccasin.
The water moccasin is almost dead.
The water moccasin bites you.
You miss the water moccasin.
The water moccasin is almost dead.
The water moccasin closely misses you.
The water moccasin completely misses you.
You miss the water moccasin.
The water moccasin is almost dead.
The water moccasin bites you.
* * * LOW HITPOINT WARNING * * *
You barely miss the water moccasin.
The water moccasin is almost dead.
The water moccasin bites you but does no damage. x2
You miss the water moccasin.
The water moccasin is almost dead.
The water moccasin bites you.
* * * LOW HITPOINT WARNING * * *
You are lethally poisoned!
The water moccasin poisons you!
You hit the water moccasin.
The water moccasin is almost dead.
* * * LOW HITPOINT WARNING * * *
You feel very sick. The water moccasin bites you.
* * * LOW HITPOINT WARNING * * *
You barely miss the water moccasin.
The water moccasin is almost dead.
* * * LOW HITPOINT WARNING * * *
You feel very sick. The water moccasin barely misses you.
The water moccasin bites you but does no damage.
You puncture the water moccasin!
You kill the water moccasin!
* * * LOW HITPOINT WARNING * * *
You feel sick.
Your Fighting skill increases to level 5!
You have reached level 7!
You feel more clever all of a sudden.
You die...

#...............#
#...............# .
#...............#
>.
#..............#...
##.....#.....#.....
#.###########.###.
#.# ... #z# ....#
#@# .....# #)#
....... #)#
........ #.#
.......#>. #.# #.#
#.# #.## #..#


You could see a wight.

Vanquished Creatures
  A water moccasin (D:7)
  A phantom (D:4)
  A gnoll bouda (D:4)
  An iguana (D:4)
  Ijyb (D:4)
  An orc wizard (D:7)
  A gnoll (D:4)
  9 adders
  A dart slug (D:1)
  3 ribbon worms
  9 orcs
  4 ball pythons
  4 endoplasms
  7 giant cockroaches
  6 goblins
  7 hobgoblins
  6 kobolds
  3 quokkas
  11 bats
  2 frilled lizards
  6 rats
85 creatures vanquished.

Vanquished Creatures (others)
  A phantom (D:4)
1 creature vanquished.

Grand Total: 86 creatures vanquished

Notes
Turn   | Place    | Note
-------+----------+-------------------------------------------
     0 | D:1      | dmnsn the Merfolk Gladiator began the quest for the Orb.
     0 | D:1      | Reached XP level 1. HP: 16/16 MP: 1/1
   154 | D:1      | Reached XP level 2. HP: 23/23 MP: 2/2
   788 | D:2      | Reached XP level 3. HP: 26/28 MP: 3/3
  1202 | D:2      | Reached XP level 4. HP: 18/35 MP: 4/4
  1396 | D:2      | Reached skill level 5 in Polearms
  1396 | D:2      | Reached skill level 5 in Dodging
  1698 | D:3      | Noticed a shining eye
  1808 | D:3      | Found a faded altar of an unknown god.
  1988 | D:3      | Found a runed translucent door.
  1989 | D:3      | Noticed Crazy Yiuf
  2042 | D:3      | Noticed a golden eye
  2054 | D:3      | Noticed a great orb of eyes
  2075 | D:3      | Reached XP level 5. HP: 8/42 MP: 5/5
  2327 | D:3      | Noticed a great orb of eyes
  2620 | D:4      | Noticed a phantom
  2631 | D:4      | Killed a phantom
  2632 | D:4      | Reached XP level 6. HP: 48/48 MP: 6/6
  2701 | D:4      | Noticed Ijyb
  2741 | D:4      | Killed Ijyb
  2911 | D:4      | HP: 1/50 [gnoll/+0 club[a gnoll bouda] (4)]
  3231 | D:4      | You fall into a shaft and drop 3 floors!
  3375 | D:7      | Noticed a water moccasin
  3417 | D:7      | Killed a water moccasin
  3417 | D:7      | HP: 1/50 [poisoned by a water moccasin]
  3418 | D:7      | Reached skill level 5 in Fighting
  3418 | D:7      | Reached XP level 7. HP: 2/56 MP: 7/7
  3418 | D:7      | Succumbed to a water moccasin's poison

Illustrated notes

Levels and vault maps discovered:
D:1:      minmay_arrival_jagged, layout_basic, chequers_serial_rivers_micro_c
D:2:      layout_basic, grunt_ministairs_7
D:3:      minmay_chambers_of_threes, layout_basic,
          hellmonk_ecumenical_altar_watching_god, uniq_crazy_yiuf_cottage
D:4:      layout_basic, uniq_ijyb, uniq_natasha
D:7:      layout_rooms

Skill      XL: |  1  2  3  4  5  6 |
---------------+-------------------+-----
Fighting       | 3 4 5 |  5.2
Polearms       | 5 6 |  6.8
Dodging        | 5 6 |  6.8
Throwing       | |  2.0

Action                     |  1- 3 |  4- 6 |  7- 9 || total
---------------------------+-------+-------+-------++-------
  Melee: Trident           |    98 |   326 |       ||   424
         Punch             |       |     2 |       ||     2
  Throw: Throwing net      |       |     3 |       ||     3
    Use: Potion            |     2 |     5 |     1 ||     8
   Stab: Sleeping          |     1 |     1 |       ||     2
         Held in net/web   |       |     3 |       ||     3
 Armour: Leather armour    |    47 |   129 |       ||   176
         Scale mail        |       |    51 |       ||    51
  Dodge: Dodged            |    71 |   220 |       ||   291
